 Dungeon Crawl Stone Soup version 0.28-a0-32-g8dfe7f97f6 (webtiles) character file.

Game seed: 18104569579399131250

2002 zazu2006 the Magician (level 9, -6/111 HPs)
             Began as a Naga Hedge Wizard on July 27, 2021.
             Was a Believer of Vehumet.
             Mangled by an orc warrior (12 damage)
             ... on level 7 of the Dungeon.
             The game lasted 00:14:57 (8650 turns).

zazu2006 the Magician (Naga Hedge Wizard)           Turns: 8650, Time: 00:14:58

Health: -6/111     AC: 24    Str: 13    XL:     9   Next: 22%
Magic:  3/18       EV:  1    Int: 17    God:    Vehumet [**....]
Gold:   275        SH:  4    Dex: 11    Spells: 9/21 levels left

rFire   . . .      SeeInvis +   k - +2 dagger (venom)
rCold   . . .      Faith    .   l - +0 buckler
rNeg    + + +      Spirit   .   (armour currently unavailable)
rPois   +          Reflect  .   (helmet currently unavailable)
rElec   .          Harm     .   (cloak currently unavailable)
rCorr   .          Rampage  .   (gloves currently unavailable)
Will    +....      NoTele   +   (no barding)
Stlth   +++.......              (no amulet)
HPRegen 0.28/turn               (no ring)
MPRegen 0.16/turn               (no ring)

@: mighty, tree-form, very slightly contaminated, studying Fighting
A: stationary, stasis, torment immunity, boosted hp, AC +3, large, see
invisible, (deformed body), (poison resistance), (slowness 2), spit poison 1,
(naga tail 1)
a: Spit Poison, Renounce Religion


You were on level 7 of the Dungeon.
You worshipped Vehumet.
Vehumet was pleased with you.
You were a tree.
You visited 1 branch of the dungeon, and saw 7 of its levels.

You collected 275 gold pieces.

Inventory:

Hand Weapons
 k - a +2 dagger of venom (weapon)
 u - a +3 falchion
Missiles
 g - 2 throwing nets
Armour
 l - a +0 buckler (worn)
 m - a +2 leather armour of cold resistance (melded)
 y - a +1 hat of willpower (melded)
 C - a +0 ring mail of fire resistance
 F - a +0 cloak (melded)
Jewellery
 t - a ring of positive energy
 x - a ring of protection from fire
 B - a ring of protection from cold
Wands
 p - a wand of polymorph (5)
 A - a wand of mindburst (3)
Scrolls
 d - a scroll of silence {unknown}
 f - 2 scrolls of acquirement {unknown}
 h - a scroll of brand weapon {unknown}
 i - 4 scrolls of identify {unknown}
 o - a scroll of enchant armour {unknown}
 q - 3 scrolls of teleportation {unknown}
 r - a scroll of fear {unknown}
 s - a scroll of magic mapping {unknown}
 z - a scroll of blinking {unknown}
Potions
 a - a potion of berserk rage {unknown}
 c - 2 potions of lignification
 e - a potion of heal wounds {unknown}
 j - a potion of might
 n - 2 potions of haste {unknown}
 v - a potion of degeneration {unknown}
 w - a potion of curing {unknown}
 D - 2 potions of invisibility {unknown}
 E - a potion of magic {unknown}


   Skills:
 + Level 2.8 Fighting
 + Level 3.4 Armour
 + Level 3.9 Dodging
 + Level 4.5 Stealth
 * Level 2.1 Shields
 + Level 6.5 Spellcasting
 + Level 5.0 Conjurations
 + Level 1.0 Summonings
 + Level 1.9 Translocations
 + Level 0.2 Fire Magic
 + Level 1.0 Air Magic
 + Level 1.2 Poison Magic
 + Level 0.5 Evocations


You had 9 spell levels left.
You knew the following spells:

 Your Spells              Type           Power      Damage    Failure   Level
a - Magic Dart            Conj           88%        1d7       1%          1
b - Mephitic Cloud        Conj/Pois/Air  13%        N/A       14%         3
c - Conjure Flame         Conj/Fire      14%        6-21      13%         3
d - Blink                 Tloc           N/A        N/A       9%          2
e - Stone Arrow           Conj/Erth      28%        3d8       13%         3

Your spell library contained the following spells:

 Spells                   Type           Power      Damage    Failure   Level
 Static Discharge         Conj/Air       15%        N/A       5%          2
 Searing Ray              Conj           44%        3d4       2%          2
 Sting                    Tmut/Pois      28%        1d4       10%         1
 Poisonous Vapours        Pois/Air       18%        N/A       12%         2
 Call Imp                 Summ           9%         N/A       13%         2
 Corpse Rot               Necr/Air       N/A        N/A       16%         2
 Slow                     Hex            5%         N/A       19%         2
 Tukima's Dance           Hex            5%         N/A       36%         3
 Fulminant Prism          Conj/Hex       7%         3d7       41%         4
 Passage of Golubria      Tloc           N/A        N/A       50%         4
 Olgreb's Toxic Radiance  Pois           9%         N/A       58%         4
 Dispel Undead            Necr           5%         3d7       77%         4
 Irradiate                Conj/Tmut      7%         3d16      77%         5
 Bolt of Magma            Conj/Fire/Erth 5%         4d5       86%         5
 Blade Hands              Tmut           2%         N/A       98%         5
 Yara's Violent Unravell  Hex/Tmut       2%         3d3       98%         5
 Death Channel            Necr           2%         N/A       100%        6
 Dragon Form              Tmut           2%         N/A       100%        7
 Shatter                  Erth           2%         3d6*      100%        9


Dungeon Overview and Level Annotations

Branches:
Dungeon (7/15)             Temple (0/1) D:6

Altars:
Kikubaaqudgha
Vehumet


Innate Abilities, Weirdness & Mutations

You are a tree.
Your roots penetrate the ground, keeping you stationary.
You cannot be teleported.
You are immune to unholy pain and torment.
Your maximum health is greatly increased.
Your equipment is partially melded.
((Your serpentine skin is tough. (AC +3)))
You have supernaturally acute eyesight. (SInv)
((Armour fits poorly on your strangely shaped body.))
((Your system is resistant to poisons. (rPois)))
((You cover ground very slowly.))
You can spit poison.
((You have a snake-like lower body.))


Message History

The stinking cloud engulfs the orc but does no damage.
The orc is moderately wounded.
The orc warrior looks more healthy.
The orc warrior is engulfed in noxious fumes.
Unknown command.
Unknown command.
Unknown command.
Unknown command.
Casting: Mephitic Cloud (dangerous; 19% risk of failure)
Confirm with . or Enter, or press ? or * to list all spells.
Aiming: Mephitic Cloud (dangerous; 19% risk of failure)
Press: ? - help, Shift-Dir - straight line, f/p - orc warrior
Aim: an orc warrior, wielding a +0 battleaxe and wearing a +0 plate armour (almost dead, chance to affect: 81%)
You miscast Mephitic Cloud.
You are very lightly contaminated with residual magic.
Nothing appears to happen.
Unknown command.
Unknown command.
Casting: Mephitic Cloud (dangerous; 19% risk of failure)
Confirm with . or Enter, or press ? or * to list all spells.
Aiming: Mephitic Cloud (dangerous; 19% risk of failure)
Press: ? - help, Shift-Dir - straight line, f/p - orc warrior
Aim: an orc warrior, wielding a +0 battleaxe and wearing a +0 plate armour (almost dead, chance to affect: 81%)
You miscast Mephitic Cloud.
Nothing appears to happen.
You block the orc warrior's attack.
Unknown command.
The orc warrior hits you with a +0 battleaxe!
* * * LOW HITPOINT WARNING * * *
Okay, then.
It was a potion of lignification.
You turn into a tree.
Your +0 cloak melds into your body.
Your +1 hat of willpower melds into your body.
Your +2 leather armour of cold resistance melds into your body.
You feel less strong-willed.
You feel less resistant to cold.
Your roots penetrate the ground.
The orc warrior hits you but does no damage.
It was a potion of might.
You feel very mighty all of a sudden.
The orc warrior hits you with a +0 battleaxe!
You die...

######## Zz.....#
######)############
#...).)o.o.o♣.#
#..##########>#
...o... ...
#.[......# .###
...##$.#.# .# ...
...#.# .. #.
###...# .# ... #..
# .# . ..


You could see an orc warrior, an orc priest and an orc.

Vanquished Creatures
  Grinder (D:6)
  A water moccasin (D:5)
  A black bear (D:3)
  2 ice beasts (D:4)
  2 necrophages
  An ogre (D:4)
  A kobold brigand (D:7)
  A scorpion (D:5)
  A bullfrog (D:6)
  A gnoll sergeant (D:4)
  A wyvern skeleton (D:6)
  3 wights (D:7)
  A centaur zombie (D:6)
  2 jellies
  2 hounds
  3 bullfrog skeletons
  A gnoll shaman (D:6)
  Crazy Yiuf (D:6)
  A centaur skeleton (D:7)
  2 iguanas (D:4)
  An orc wizard (D:3)
  A scorpion zombie (D:5)
  A howler monkey zombie (D:6)
  7 gnolls
  8 river rats (D:6)
  6 adders
  A shadow imp (D:7)
  An ufetubus (D:4)
  2 adder skeletons
  3 worms
  4 dart slugs (D:1)
  20 orcs
  6 ball pythons
  6 endoplasms
  5 giant cockroaches
  6 goblins
  9 hobgoblins
  9 jackals
  8 kobolds
  7 quokkas
  5 bats
  3 frilled lizards
  21 rats
169 creatures vanquished.

Notes
Turn   | Place    | Note
-------+----------+-------------------------------------------
     0 | D:1      | zazu2006 the Naga Hedge Wizard began the quest for the Orb.
     0 | D:1      | Reached XP level 1. HP: 15/15 MP: 4/4
   232 | D:1      | Reached XP level 2. HP: 22/22 MP: 1/6
   692 | D:1      | Reached XP level 3. HP: 17/28 MP: 4/8
  1093 | D:1      | Learned a level 3 spell: Mephitic Cloud
  1097 | D:1      | Learned a level 3 spell: Conjure Flame
  1100 | D:1      | Learned a level 2 spell: Blink
  1348 | D:2      | Found a faded altar of an unknown god.
  2745 | D:3      | Reached skill level 4 in Spellcasting
  2750 | D:3      | Reached XP level 4. HP: 34/34 MP: 2/10
  2984 | D:3      | Noticed a black bear
  2995 | D:3      | Killed a black bear
  2996 | D:3      | Reached XP level 5. HP: 42/43 MP: 5/11
  3004 | D:3      | Learned a level 3 spell: Stone Arrow
  3342 | D:4      | Reached skill level 1 in Fighting
  3709 | D:4      | Reached XP level 6. HP: 34/51 MP: 12/12
  3725 | D:4      | Reached skill level 1 in Armour
  4312 | D:4      | Noticed an ice beast
  4434 | D:4      | Reached XP level 7. HP: 51/58 MP: 11/14
  4472 | D:4      | Reached skill level 5 in Spellcasting
  5148 | D:5      | Entered Level 5 of the Dungeon
  5320 | D:5      | Reached XP level 8. HP: 41/67 MP: 14/16
  5771 | D:5      | Reached skill level 6 in Spellcasting
  6080 | D:5      | Found a radiant altar of Vehumet.
  6125 | D:5      | Became a worshipper of Vehumet
  6330 | D:5      | Found an ancient bone altar of Kikubaaqudgha.
  6813 | D:6      | Found a staircase to the Ecumenical Temple.
  6975 | D:6      | Reached skill level 1 in Shields
  7103 | D:6      | Noticed Grinder
  7114 | D:6      | Reached skill level 1 in Poison Magic
  7459 | D:6      | Reached * piety under Vehumet
  7459 | D:6      | Offered knowledge of Shock by Vehumet.
  7534 | D:6      | Paralysed by Grinder for 5 turns
  7545 | D:6      | Killed Grinder
  7546 | D:6      | Reached skill level 1 in Air Magic
  7546 | D:6      | Reached XP level 9. HP: 34/74 MP: 16/18
  8052 | D:6      | Reached skill level 5 in Conjurations
  8187 | D:6      | Found a runed translucent door.
  8188 | D:6      | Noticed Crazy Yiuf
  8357 | D:6      | Killed Crazy Yiuf
  8631 | D:7      | Reached ** piety under Vehumet
  8631 | D:7      | Offered knowledge of Static Discharge by Vehumet.
  8648 | D:7      | HP: 3/74 [orc warrior (13)]
  8650 | D:7      | Mangled by an orc warrior

Illustrated notes

Levels and vault maps discovered:
D:1:      tarquinn_simple_flora_water_f, layout_rooms, hex_large
D:2:      layout_basic, hellmonk_ecumenical_altar_lost_god, minmay_heptomino_w4
D:3:      layout_rooms
D:4:      layout_basic, hangedman_feature_mirror
D:5:      layout_basic, vehumet_crystals, lemuel_doored_altar
D:6:      lemuel_ratsnest, layout_loops_ring, temple_pool_b, uniq_grinder,
          uniq_crazy_yiuf_cottage
D:7:      layout_loops_ring, nicolae_qazlal_scattered_showers

Skill      XL: |  1  2  3  4  5  6  7  8  9 |
---------------+----------------------------+-----
Spellcasting   | 4 5 6 |  6.5
Conjurations   | 2 3 4 5 |  5.0
Fighting       | 1 2 |  2.8
Armour         | 1 2 3 |  3.4
Dodging        | 2 3 |  3.9
Stealth        | 4 |  4.5
Shields        | 2 |  2.1
Poison Magic   | 1 |  1.2
Air Magic      | 1 |  1.0
Summonings     | |  1.0
Translocations | |  1.9
Fire Magic     | |  0.2
Evocations     | |  0.5

Action                   |  1- 3 |  4- 6 |  7- 9 || total
-------------------------+-------+-------+-------++-------
Melee: Dagger            |    24 |    78 |   275 ||   377
 Cast: Magic Dart        |    89 |    61 |    88 ||   238
       Mephitic Cloud    |       |     7 |     8 ||    15
       Blink             |       |     2 |     4 ||     6
       Stone Arrow       |       |       |     5 ||     5
       Conjure Flame     |       |       |     3 ||     3
 Abil: Spit Poison       |    16 |     9 |     6 ||    31
Evoke: Wand              |       |       |     8 ||     8
  Use: Potion            |       |       |     2 ||     2
 Stab: Sleeping          |       |     1 |     1 ||     2
       Confused          |       |     1 |     1 ||     2
Armor: Robe              |    14 |       |       ||    14
       Leather armour    |     7 |    33 |    86 ||   126
       Skin              |       |       |     1 ||     1
Dodge: Dodged            |    32 |    47 |   133 ||   212
Block: Buckler           |       |       |    10 ||    10

Table legend: (Time is in decaauts)
 A = Elapsed time spent in this place.
 B = Non-inter-level travel time spent in this place.
 C = Inter-level travel time spent in this place.
 D = Time resting spent in this place.
 E = Time spent auto-exploring this place.
 F = Levels seen in this place.
 G = Mean time per level.
                   A        B        C        D        E       F      G
               +--------+--------+--------+--------+--------+-----+--------+
         Total |  10207 |   9885 |    322 |   1137 |   7258 |   7 | 1458.1 |
       Dungeon |  10207 |   9885 |    322 |   1137 |   7258 |   7 | 1458.1 |
               +--------+--------+--------+--------+--------+-----+--------+

Top non-repeatable levels by time:
     D:6: 2391 daAuts
     D:2: 1735 daAuts
     D:3: 1535 daAuts
     D:4: 1532 daAuts
     D:5: 1480 daAuts
     D:1: 1310 daAuts
     D:7: 221 daAuts
